 Dungeon Crawl Stone Soup version 0.17-a0-2231-gd80ca38 (webtiles) character file.

172 Raultor the Covert (level 5, -1/25 HPs)
             Began as a Spriggan Assassin on Oct 29, 2015.
             Slain by a hound (3 damage)
             ... on level 4 of the Dungeon.
             The game lasted 00:08:16 (2913 turns).

Raultor the Covert (Spriggan Assassin)              Turns: 2913, Time: 00:08:16

Health: -1/25      AC:  3    Str:  7    XL:     5   Next: 27%
Magic:  6/6        EV: 17    Int: 13    God:
Gold:   154        SH:  0    Dex: 18    Spells: 0 memorised, 4 levels left

rFire  . . .     SeeInvis +     a - +2 dagger
rCold  . . .     Clarity  .     c - +0 robe
rNeg   . . .     SustAt   .     (shield restricted)
rPois  .         Gourm    .     (helmet restricted)
rElec  .         Spirit   .     d - +0 cloak
rCorr  .         Warding  .     (gloves unavailable)
rMut   .         Stasis   .     (boots unavailable)
MR     .....                    (no amulet)
Stlth  +++++.....               (no ring)
                                (no ring)

@: very quick, not resistant to hostile enchantments, quite stealthy
A: unfitting armour, see invisible, herbivore 3, speed 3, slow metabolism 2
a: no special abilities


You were on level 4 of the Dungeon.
You were not hungry.

You visited 1 branch of the dungeon, and saw 4 of its levels.

You collected 154 gold pieces.

Inventory:

Hand Weapons
 a - a +2 dagger (weapon)
 b - a +0 blowgun
 p - a +0 dagger of protection
 t - a +1 dagger of flaming
Missiles
 e - 26 poisoned needles
 f - 2 curare-tipped needles
 w - 5 tomahawks (quivered)
Armour
 c - a +0 robe (worn)
 d - a +0 cloak (worn)
Jewellery
 j - an uncursed ring of stealth {unknown}
 m - an uncursed ring of sustain attributes {unknown}
Scrolls
 h - a scroll of fear {unknown}
 i - a scroll of magic mapping {unknown}
 n - a scroll of random uselessness {unknown}
 o - 3 scrolls of fog {unknown}
 u - a scroll of recharging {unknown}
 v - a scroll of teleportation {unknown}
Potions
 k - a potion of haste {unknown}
 l - 2 potions of curing {unknown}
 q - 2 potions of agility {unknown}
 r - a potion of degeneration {unknown}
 s - a potion of cancellation {unknown}
Comestibles
 g - 3 bread rations


   Skills:
 - Level 1.5 Fighting
 - Level 2.1 Short Blades
 + Level 2.0 Throwing
 - Level 1.5 Dodging
 + Level 10.0 Stealth


You had 4 spell levels left.
You didn't know any spells.

Dungeon Overview and Level Annotations

Branches:
Dungeon (4/15)
 Temple: D:4-7

Altars:
Ashenzari
Elyvilon
Fedhas
Gozag
Kikubaaqudgha
Makhleb
Qazlal
Yredelemnul
Zin


Innate Abilities, Weirdness & Mutations

You are tiny and cannot use many weapons and most armour.
You have supernaturally acute eyesight.
You are a herbivore.
You cover ground extremely quickly.
You need consume almost no food.


Message History

The hound is almost dead.
The hound bites you.
The giant cockroach bites you but does no damage.
You hit the hound but do no damage.
The hound is almost dead.
The hound bites you. The giant cockroach misses you.
You hit the giant cockroach.
The giant cockroach is heavily wounded.
The hound closely misses you. The giant cockroach misses you.
The hound bites you.
* * * LOW HITPOINT WARNING * * *
You hit the giant cockroach.
The giant cockroach is severely wounded.
The hound bites you.
* * * LOW HITPOINT WARNING * * *
The giant cockroach bites you but does no damage.
You hit the giant cockroach.
The giant cockroach is almost dead.
The hound bites you.
You die...

. .# ..# ....
########## ....#
#.......a###.>....
#.......Zh@s......
#..!....l########.
#........#
#...<...Z#
#........#
#........#
#.......l#
#......a.#
#...$....#


You could see a hound, a worker ant, a giant gecko, a giant cockroach and a
giant frog skeleton.

Vanquished Creatures
  A hound (D:3)
  Ijyb (D:3)
  3 gnolls (D:2)
  3 adders
  2 oozes (D:1)
  A worm (D:3)
  2 giant geckos (D:3)
  15 goblins
  6 hobgoblins
  7 kobolds
  A ball python (D:3)
  5 bats
  3 giant newts
  6 rats
56 creatures vanquished.

Notes
Turn   | Place    | Note
--------------------------------------------------------------
     0 | D:1      | Raultor the Spriggan Assassin began the quest for the Orb.
     0 | D:1      | Reached XP level 1. HP: 10/10 MP: 2/2
    15 | D:1      | Reached skill level 6 in Stealth
   310 | D:1      | Reached XP level 2. HP: 9/14 MP: 3/3
   643 | D:1      | Reached skill level 7 in Stealth
  1283 | D:2      | Found a stormy altar of Qazlal.
  1287 | D:2      | Reached XP level 3. HP: 18/18 MP: 4/4
  1288 | D:2      | Found a white marble altar of Elyvilon.
  1290 | D:2      | Found a glowing silver altar of Zin.
  1290 | D:2      | Found a basalt altar of Yredelemnul.
  1291 | D:2      | Found an ancient bone altar of Kikubaaqudgha.
  1293 | D:2      | Found an opulent altar of Gozag.
  1293 | D:2      | Found a blossoming altar of Fedhas.
  1715 | D:2      | Reached skill level 8 in Stealth
  1722 | D:2      | Reached XP level 4. HP: 14/22 MP: 5/5
  1898 | D:2      | Found a burning altar of Makhleb.
  2042 | D:3      | Found a shattered altar of Ashenzari.
  2049 | D:3      | Noticed Ijyb
  2060 | D:3      | Killed Ijyb
  2060 | D:3      | Reached skill level 9 in Stealth
  2096 | D:3      | Reached XP level 5. HP: 3/25 MP: 6/6
  2826 | D:3      | Reached skill level 10 in Stealth
  2913 | D:4      | Slain by a hound

Vault maps used:
D:1:      dpeg_arrival_chase, grunt_decor_mini_mirrors
D:2:      grunt_temple_overflow_open, first_bread, minivault_26,
          minmay_statues_item
D:3:      cheibrodos_ashenzari_chains, uniq_iyjb

Action                   |  1- 3 |  4- 6 || total
-------------------------+-------+-------++-------
Melee: Dagger            |    78 |    91 ||   169
 Fire: Blowgun           |    15 |     5 ||    20
 Stab: Sleeping          |     8 |    13 ||    21
       Distracted        |     1 |       ||     1
